 Dungeon Crawl Stone Soup version 0.24-a0-582-g4d4af813a0 (webtiles) character file.

Game seed: 6677153973958131559

108 Gynju the Bolt Thrower (level 5, -1/30 HPs)
             Began as a Kobold Hunter on Aug 26, 2019.
             Slain by an adder (2 damage)
             ... on level 3 of the Dungeon.
             The game lasted 00:09:22 (2637 turns).

Gynju the Bolt Thrower (Kobold Hunter)              Turns: 2637, Time: 00:09:23

Health: -1/30      AC:  4    Str: 11    XL:     5   Next: 12%
Magic:  5/5        EV: 14    Int: 12    God:
Gold:   126        SH:  0    Dex: 15    Spells: 4/4 levels left

rFire    . . .     SeeInvis .   b - +0 short sword
rCold    . . .     Gourm    .   (shield restricted)
rNeg     . . .     Faith    .   c - +0 leather armour
rPois    .         Spirit   .   s - +0 helmet
rElec    .         Reflect  .   (no cloak)
rCorr    .         Harm     .   (no gloves)
MR       .....                  (no boots)
Stlth    ++........             (no amulet)
HPRegen  0.10/turn              (no ring)
MPRegen  0.09/turn              (no ring)

@: lethally poisoned (-1 -> -7)
A: small, carnivore
a: no special abilities


You were on level 3 of the Dungeon.
You were completely stuffed.

You visited 1 branch of the dungeon, and saw 3 of its levels.

You collected 126 gold pieces.

Inventory:

Hand Weapons
 a - a +1 hand crossbow
 b - a +0 short sword (weapon)
Missiles
 d - 12 bolts
Armour
 c - a +0 leather armour (worn)
 s - a +0 helmet (worn)
Jewellery
 k - an uncursed ring of wizardry {unknown}
 q - an uncursed ring of positive energy {unknown}
Scrolls
 g - 4 scrolls of teleportation {unknown}
 h - a scroll of magic mapping {unknown}
 j - 6 scrolls of identify {unknown}
 l - a scroll of amnesia {unknown}
 m - 4 scrolls of remove curse {unknown}
 n - a scroll of noise {unknown}
 u - a scroll of enchant armour {unknown}
Potions
 e - 2 potions of invisibility {unknown}
 i - a potion of haste {unknown}
 o - a potion of ambrosia {unknown}
 p - a potion of degeneration {unknown}
 r - a potion of curing {unknown}
 t - a potion of berserk rage {unknown}
Comestibles
 f - 3 rations


   Skills:
 - Level 2.1 Fighting
 + Level 7.3 Crossbows
 - Level 2.4 Dodging
 - Level 1.3 Stealth


You had 4 spell levels left.
You didn't know any spells.
Your spell library was empty.

Dungeon Overview and Level Annotations

Branches:
Dungeon (3/15)

Altars:


Innate Abilities, Weirdness & Mutations

You are small and have problems with some larger weapons.
You are carnivorous and can eat meat at any time.


Message History

The adder is almost dead.
* * * LOW HITPOINT WARNING * * *
You feel sick. The adder barely misses you.
The goblin hits you with a +0 dagger.
* * * LOW HITPOINT WARNING * * *
You hit the adder.
The adder is almost dead.
* * * LOW HITPOINT WARNING * * *
You feel sick. The adder bites you but does no damage.
The adder barely misses you. The goblin barely misses you.
You miss the adder.
The adder is almost dead.
The adder misses you. The goblin hits you with a +0 dagger.
* * * LOW HITPOINT WARNING * * *
You hit the adder but do no damage.
The adder is almost dead.
* * * LOW HITPOINT WARNING * * *
You feel sick. The adder misses you. The goblin barely misses you.
The adder bites you.
You die...

#.###.............###.#
#.....#######.........#
####### ##.######## #.#
#.# #.# #.#
#####.#######
#....@.......
#...Sg######. #......
#.....## #......
#.#.... #.#.... .
......


You could see an adder and a goblin.

Vanquished Creatures
  6 adders
  A worm (D:3)
  A dart slug (D:1)
  An orc (D:3)
  A ball python (D:1)
  9 hobgoblins
  5 kobolds
  3 quokkas (D:2)
  8 bats
  4 frilled lizards
  7 goblins
  8 rats
54 creatures vanquished.

Notes
Turn   | Place    | Note
-------+----------+-------------------------------------------
     0 | D:1      | Gynju the Kobold Hunter began the quest for the Orb.
     0 | D:1      | Reached XP level 1. HP: 12/12 MP: 1/1
    37 | D:1      | Reached skill level 5 in Crossbows
   128 | D:1      | Reached XP level 2. HP: 17/17 MP: 2/2
   523 | D:2      | Reached skill level 6 in Crossbows
   523 | D:2      | Reached XP level 3. HP: 21/21 MP: 3/3
   592 | D:2      | Reached XP level 4. HP: 26/26 MP: 4/4
  1561 | D:3      | Reached skill level 7 in Crossbows
  2414 | D:3      | Reached XP level 5. HP: 23/30 MP: 5/5
  2637 | D:3      | HP: 1/30 [poisoned by an adder]
  2637 | D:3      | Slain by an adder

Levels and vault maps discovered:
D:1:      dpeg_arrival_three_same_balls, layout_basic, minmay_liquid_box
D:2:      layout_basic
D:3:      layout_loops_corners, first_ration, grunt_dithmenos_smoke

Skill      XL: |  1  2  3  4 |
---------------+-------------+-----
Crossbows      | 5 6 7 |  7.3
Fighting       | |  2.1
Dodging        | |  2.4
Stealth        | |  1.3

Action                   |  1- 3 |  4- 6 || total
-------------------------+-------+-------++-------
Melee: Short sword       |       |   135 ||   135
 Fire: Hand crossbow     |    49 |    13 ||    62
 Stab: Sleeping          |       |     2 ||     2
  Eat: Chunk             |     7 |     7 ||    14
Armor: Leather armour    |     1 |    33 ||    34
Dodge: Dodged            |     6 |   133 ||   139

Table legend:
 A = Non-vault XP
 B = Vault XP
 C = Vault XP percentage of total XP
 D = Non-vault monster count
 E = Vault monster count
 F = Vault count percentage of total count
                 A         B        C        D         E       F
            +---------+---------+-------+---------+---------+-------
      Total |     155 |       0 |   0.0 |      54 |       0 |   0.0
            +---------+---------+-------+---------+---------+-------
        D:1 |      26 |       0 |   0.0 |      16 |       0 |   0.0
        D:2 |      80 |       0 |   0.0 |      24 |       0 |   0.0
        D:3 |      49 |       0 |   0.0 |      14 |       0 |   0.0
            +---------+---------+-------+---------+---------+-------
